Flyers vs Capitals

Created - December 11, 2024 at 22:06

Goals
1 2 3 T
Flyers 0 2 1 3
Capitals 1 0 0 1
Shots
1 2 3 T
Flyers 13 12 9 34
Capitals 12 10 9 31

1st period

1. Capitals , Blake Pietila 6 (Nicolas Aube-Kubel 4, Joe Colborne 7) at 13:49 (PP)

Penalties :
Kevin Hayes (Phi) for High sticking (Minor) at 5:18, Cal Foote (Phi) for Slashing (Minor) at 8:38, Calle Jarnkrok (Phi) for Unsportsmanlike conduct (Minor) at 13:02

2nd period

2. Flyers , Max Pacioretty 6 (Niclas Bergfors 7, Kevin Hayes 9) at 4:09 (PP)
3. Flyers , Cal Foote 1 (Max Pacioretty 4, Jacob Trouba 7) at 9:13

Penalties :
Kasperi Kapanen (Phi) for Tripping (Minor) at 0:28, Colten Teubert (Was) for Tripping (Minor) at 2:52, Cal Foote (Phi) for Hooking (Minor) at 7:09, Max Pacioretty (Phi) for Interference (Minor) at 10:12

3rd period

4. Flyers , Kevin Hayes 5 (Nick Ritchie 14, Jacob Trouba 8) at 9:10 (SH)

Penalties :
Jakub Voracek (Phi) for Interference (Minor) at 8:52, Cal Foote (Phi) for Roughing (Double Minor) at 17:10

Goalie Stats

Steve Mason (Phi), 30 saves from 31 shots - (0.968), W, 10-2-1, 60:00 minutes
Cory Schneider (Was), 31 saves from 34 shots - (0.912), L, 7-9-2, 60:00 minutes

Players Stats for Flyers

Player Name              G  A  P  +/- PIM S  H  SB GA TA FO     MP     PP MP  PK MP  
------------------------------------------------------------------------------------
Brian Lashoff            0  0  0   0  0   3  0  0  0  2  0/0    18:14   0:06   7:47 
Brock Nelson             0  0  0   0  0   1  1  0  0  0  1/1     8:41   0:00   1:00 
Cal Foote                1  0  1   1  8   2  1  1  0  0  0/0    15:54   0:00   0:00 
Calle Jarnkrok           0  0  0   1  2   1  0  0  0  0  3/7    16:03   0:00   5:56 
Ivan Provorov            0  0  0   0  0   0  0  0  0  0  0/0    22:08   0:06   6:20 
Jacob Trouba             0  2  2   2  0   1  0  4  0  0  0/0    26:40   1:11   7:43 
Jake Dotchin             0  0  0   0  0   0  0  0  0  1  0/0    11:23   0:00   1:27 
Jakub Voracek            0  0  0   0  2   2  1  0  0  0  0/0     7:06   0:00   0:00 
Jordan Nolan             0  0  0   0  0   3  2  0  0  0  13/21  18:46   0:50   3:27 
Kasperi Kapanen          0  0  0   0  2   2  1  0  0  0  2/3    14:42   0:50   0:00 
Kevin Hayes              1  1  2   1  2   3  1  0  0  0  8/18   18:52   0:27   6:30 
Max Pacioretty           1  1  2   1  2   4  1  0  0  1  1/1    18:29   0:27   6:14 
Michael Bournival        0  0  0   0  0   0  0  0  0  0  0/1    10:03   0:00   0:00 
Nathan Beaulieu          0  0  0   2  0   3  1  0  0  2  0/0    25:59   1:11   7:43 
Nick Ritchie             0  1  1   1  0   3  3  0  0  0  0/2    22:16   0:50   7:37 
Niclas Bergfors          0  1  1   0  0   4  2  0  0  0  0/0    12:02   0:27   0:00 
Patrice Bergeron         0  0  0   0  0   2  0  0  1  0  1/2     7:01   0:00   0:16 
Travis Konecny           0  0  0   0  0   0  1  1  0  0  0/0    10:03   0:00   0:00 

Players Stats for Capitals

Player Name              G  A  P  +/- PIM S  H  SB GA TA FO     MP     PP MP  PK MP  
------------------------------------------------------------------------------------
Alexei Marchenko         0  0  0  -1  0   0  1  2  0  0  0/0    27:48   9:07   0:35 
Blake Pietila            1  0  1   0  0   4  1  0  0  0  1/1    10:38   0:10   0:13 
Bobby Ryan               0  0  0   0  0   3  2  1  0  0  0/0    18:46   6:26   0:00 
Brandon Burlon           0  0  0   0  0   1  1  0  0  1  0/0    11:06   0:24   0:00 
Brandon Gormley          0  0  0  -1  0   3  0  1  0  0  0/0    27:48   9:07   0:35 
Cody Hodgson             0  0  0   0  0   3  2  0  0  0  3/7    16:11   5:26   0:13 
Colten Teubert           0  0  0   0  2   0  2  0  0  0  0/0    11:05   0:24   0:00 
Jeff Skinner             0  0  0   0  0   1  1  0  0  0  0/1     7:00   0:12   0:00 
Joe Colborne             0  1  1   0  0   1  3  0  0  0  4/10   13:19   1:16   0:00 
Marko Dano               0  0  0   0  0   4  2  1  0  0  1/1    18:51   6:26   0:05 
Mike Green               0  0  0  -1  0   2  1  0  0  0  0/0    21:06   5:59   0:42 
Nicklas Backstrom        0  0  0  -2  0   0  0  1  0  0  17/28  22:34   8:39   0:05 
Nicolas Aube-Kubel       0  1  1   0  0   0  1  0  0  0  0/0    10:21   0:06   0:00 
Patrick Kane             0  0  0  -2  0   1  7  0  3  0  0/5    23:24   8:35   0:59 
Phil Kessel              0  0  0   0  0   4  0  0  0  0  0/0     7:11   0:23   0:00 
Sergey Kalinin           0  0  0   0  0   0  1  0  0  0  0/2     6:57   0:09   0:00 
Shea Theodore            0  0  0  -1  0   2  1  1  0  0  0/0    21:06   5:59   0:42 
Taylor Hall              0  0  0  -2  0   2  1  0  3  0  1/1    23:31   8:42   0:59 

3 Stars

1 - Steve Mason (Phi)
2 - Jacob Trouba (Phi)
3 - Max Pacioretty (Phi)

Power Play

Flyers - 1 on 1 Attempt(s) - 100.00%
Capitals - 1 on 9 Attempt(s) - 11.11%

Penalty Kill

Flyers - 8 on 9 Attempt(s) - 88.89% - Score 1 goal in Penalty Kill
Capitals - 0 on 1 Attempt(s) - 0.00% - Score 0 goal in Penalty Kill

Team Stat

Flyers - Hits : 15 - Faceoff Wins : 29 - Blocked Shots : 6 - Penalty Minutes : 18
Capitals - Hits : 27 - Faceoff Wins : 27 - Blocked Shots : 7 - Penalty Minutes : 2

Official

Referees : TJ Luxmore and Trevor Hanson
Linesman : Brian Mach and Jonny Murray

Game Notes

No Game Note

Finance

Level 1 -- Attendance: 5912 (98.53%) -- Ticket Income $591,200
Level 2 -- Attendance: 4884 (97.68%) -- Ticket Income $341,880
Level 3 -- Attendance: 1973 (98.65%) -- Ticket Income $78,920
Level 4 -- Attendance: 3778 (94.45%) -- Ticket Income $113,340
Luxury Box -- Attendance: 903 (90.30%) -- Ticket Income $180,600
Game was played at the Capital One Arena.
Total Attendance: 17450 (96.94%)
Total Ticket Income: $1,305,940
Other Income: $195,891
Total Income: $1,501,831

Flyers

5 vs 5 Forward 
   Center                   Left Wing                Right Wing               Time % Phy DF OF 
 1 Jordan Nolan             Nick Ritchie             Kasperi Kapanen          40     0   1  4  
 2 Kevin Hayes              Max Pacioretty           Niclas Bergfors          30     0   2  3  
 3 Calle Jarnkrok           Michael Bournival        Travis Konecny           20     0   2  3  
 4 Patrice Bergeron         Brock Nelson             Jakub Voracek            10     0   2  3  

5 vs 5 Defense 
   Defense                  Defense                                           Time % Phy DF OF 
 1 Jacob Trouba             Nathan Beaulieu                                   40     0   2  3  
 2 Ivan Provorov            Cal Foote                                         35     0   2  3  
 3 Jake Dotchin             Brian Lashoff                                     25     0   3  2  
 4 Jake Dotchin             Brian Lashoff                                     0      0   3  2  

PowerPlay Forward 
   Center                   Left Wing                Right Wing               Time % Phy DF OF 
 1 Jordan Nolan             Nick Ritchie             Kasperi Kapanen          51     0   1  4  
 2 Kevin Hayes              Max Pacioretty           Niclas Bergfors          49     0   1  4  

PowerPlay Defense
   Defense                  Defense                                           Time % Phy DF OF 
 1 Jacob Trouba             Nathan Beaulieu                                   51     0   1  4  
 2 Ivan Provorov            Brian Lashoff                                     49     0   1  4  

Penalty Kill 4 Players Forward 
   Center                   Wing                     Time % Phy DF OF 
 1 Kevin Hayes              Nick Ritchie             50     1   4  0  
 2 Calle Jarnkrok           Max Pacioretty           50     1   4  0  

Penalty Kill 4 Players Defense
   Defense                  Defense                  Time % Phy DF OF 
 1 Jacob Trouba             Nathan Beaulieu          50     1   4  0  
 2 Ivan Provorov            Brian Lashoff            50     1   4  0  

Penalty Kill - 3 Players Forward 
   Forward                                           Time % Phy DF OF 
 1 Jordan Nolan                                      50     1   4  0  
 2 Patrice Bergeron                                  50     1   4  0  

Penalty Kill - 3 Players Defense
   Defense                  Defense                  Time % Phy DF OF 
 1 Jacob Trouba             Nathan Beaulieu          50     1   4  0  
 2 Ivan Provorov            Brian Lashoff            50     1   4  0  

4 vs 4 Forward 
   Center                   Wing                     Time % Phy DF OF 
 1 Jordan Nolan             Nick Ritchie             55     1   2  2  
 2 Kevin Hayes              Kasperi Kapanen          45     1   2  2  

4 vs 4 Defense
   Defense                  Defense                  Time % Phy DF OF 
 1 Jacob Trouba             Nathan Beaulieu          55     1   2  2  
 2 Ivan Provorov            Brian Lashoff            45     1   2  2  

Last Minutes Offensive
   Center                   Left Wing                Right Wing               Defense                  Defense                  
   Jordan Nolan             Nick Ritchie             Kasperi Kapanen          Jacob Trouba             Nathan Beaulieu          

Last Minutes Defensive
   Center                   Left Wing                Right Wing               Defense                  Defense                  
   Kevin Hayes              Max Pacioretty           Travis Konecny           Jacob Trouba             Brian Lashoff            

Goaltenders
Starting : Steve Mason              
Backup : Ilya Sorokin             

Extra Forwards
Normal : Nick Ritchie, Max Pacioretty, Travis Konecny - PP : Nick Ritchie, Max Pacioretty - PK : Jordan Nolan
Extra Defensemen
Normal : Jacob Trouba, Ivan Provorov, Brian Lashoff - PP : Nathan Beaulieu - PK : Jacob Trouba, Brian Lashoff
Penalty Shots
Nick Ritchie, Kasperi Kapanen, Jordan Nolan, Niclas Bergfors, Travis Konecny
Custom OT Lines Forwards
Jordan Nolan, Nick Ritchie, Kasperi Kapanen, Kevin Hayes, Calle Jarnkrok, Max Pacioretty, Niclas Bergfors, Travis Konecny, Patrice Bergeron, Michael Bournival
Custom OT Lines Defensemen
Jacob Trouba, Brian Lashoff, Nathan Beaulieu, Ivan Provorov, Cal Foote

Scratches
None

Capitals

5 vs 5 Forward 
   Center                   Left Wing                Right Wing               Time % Phy DF OF 
 1 Nicklas Backstrom        Taylor Hall              Patrick Kane             40     0   1  4  
 2 Joe Colborne             Marko Dano               Bobby Ryan               30     0   1  4  
 3 Cody Hodgson             Blake Pietila            Nicolas Aube-Kubel       20     0   1  4  
 4 Sergey Kalinin           Jeff Skinner             Phil Kessel              10     0   2  3  

5 vs 5 Defense 
   Defense                  Defense                                           Time % Phy DF OF 
 1 Brandon Gormley          Alexei Marchenko                                  40     0   3  2  
 2 Mike Green               Shea Theodore                                     30     0   3  2  
 3 Colten Teubert           Brandon Burlon                                    20     0   3  2  
 4 Brandon Gormley          Alexei Marchenko                                  10     0   3  2  

PowerPlay Forward 
   Center                   Left Wing                Right Wing               Time % Phy DF OF 
 1 Nicklas Backstrom        Taylor Hall              Patrick Kane             60     0   0  5  
 2 Cody Hodgson             Marko Dano               Bobby Ryan               40     0   0  5  

PowerPlay Defense
   Defense                  Defense                                           Time % Phy DF OF 
 1 Brandon Gormley          Alexei Marchenko                                  60     0   2  3  
 2 Mike Green               Shea Theodore                                     40     0   2  3  

Penalty Kill 4 Players Forward 
   Center                   Wing                     Time % Phy DF OF 
 1 Patrick Kane             Taylor Hall              60     0   4  1  
 2 Nicklas Backstrom        Marko Dano               40     0   4  1  

Penalty Kill 4 Players Defense
   Defense                  Defense                  Time % Phy DF OF 
 1 Brandon Gormley          Alexei Marchenko         60     0   4  1  
 2 Mike Green               Shea Theodore            40     0   4  1  

Penalty Kill - 3 Players Forward 
   Forward                                           Time % Phy DF OF 
 1 Patrick Kane                                      60     0   5  0  
 2 Taylor Hall                                       40     0   5  0  

Penalty Kill - 3 Players Defense
   Defense                  Defense                  Time % Phy DF OF 
 1 Brandon Gormley          Alexei Marchenko         60     0   5  0  
 2 Mike Green               Shea Theodore            40     0   5  0  

4 vs 4 Forward 
   Center                   Wing                     Time % Phy DF OF 
 1 Patrick Kane             Taylor Hall              60     0   1  4  
 2 Nicklas Backstrom        Marko Dano               40     0   1  4  

4 vs 4 Defense
   Defense                  Defense                  Time % Phy DF OF 
 1 Brandon Gormley          Alexei Marchenko         60     0   3  2  
 2 Mike Green               Shea Theodore            40     0   3  2  

Last Minutes Offensive
   Center                   Left Wing                Right Wing               Defense                  Defense                  
   Nicklas Backstrom        Taylor Hall              Patrick Kane             Brandon Gormley          Alexei Marchenko         

Last Minutes Defensive
   Center                   Left Wing                Right Wing               Defense                  Defense                  
   Nicklas Backstrom        Taylor Hall              Patrick Kane             Brandon Gormley          Alexei Marchenko         

Goaltenders
Starting : Cory Schneider           
Backup : Chet Pickard             

Extra Forwards
Normal : Taylor Hall, Patrick Kane, Marko Dano - PP : Taylor Hall, Patrick Kane - PK : Patrick Kane
Extra Defensemen
Normal : Brandon Gormley, Shea Theodore, Alexei Marchenko - PP : Shea Theodore - PK : Alexei Marchenko, Brandon Gormley
Penalty Shots
Patrick Kane, Taylor Hall, Nicklas Backstrom, Marko Dano, Jeff Skinner
Custom OT Lines Forwards
Patrick Kane, Taylor Hall, Nicklas Backstrom, Marko Dano, Jeff Skinner, Cody Hodgson, Blake Pietila, Bobby Ryan, Joe Colborne, Nicolas Aube-Kubel
Custom OT Lines Defensemen
Brandon Gormley, Alexei Marchenko, Mike Green, Shea Theodore, Colten Teubert

Scratches
None


% Time on Ice - Flyers

Lines # - Real PCT - Wanted PCT - Time Play
Normal Forward
1 - 33% - 40% - 14:11
2 - 28% - 30% - 12:14
3 - 23% - 20% - 10:03
4 - 16% - 10% - 6:45
Normal Defense
1 - 40% - 40% - 17:05
2 - 37% - 35% - 16:12
3 - 21% - 25% - 9:12
4 - 2% - 0% - 0:44
PP Forward
1 - 65% - 51% - 0:50
2 - 35% - 49% - 0:27
PP Defense
1 - 92% - 51% - 1:11
2 - 8% - 49% - 0:06
PK Forward
1 - 51% - 50% - 7:58
2 - 49% - 50% - 7:32
PK Defense
1 - 53% - 50% - 8:17
2 - 47% - 50% - 7:13
PK3 Forward
1 - 0% - 50%
2 - 0% - 50%
PK3 Defense
1 - 0% - 50%
2 - 0% - 50%
44 Forward
1 - 0% - 55%
2 - 0% - 45%
44 Defense
1 - 0% - 55%
2 - 0% - 45%
Last Minute Offensive  - 0:00
Last Minute Defensive  - 0:00
Total
Forward - 60:00
Defense - 60:00

% Time on Ice - Capitals

Lines # - Real PCT - Wanted PCT - Time Play
Normal Forward
1 - 32% - 40% - 13:50
2 - 29% - 30% - 12:20
3 - 24% - 20% - 10:15
4 - 16% - 10% - 6:48
Normal Defense
1 - 41% - 40% - 17:33
2 - 33% - 30% - 14:25
3 - 25% - 20% - 10:42
4 - 1% - 10% - 0:33
PP Forward
1 - 58% - 60% - 9:04
2 - 42% - 40% - 6:26
PP Defense
1 - 59% - 60% - 9:07
2 - 41% - 40% - 6:23
PK Forward
1 - 94% - 60% - 1:12
2 - 6% - 40% - 0:05
PK Defense
1 - 45% - 60% - 0:35
2 - 55% - 40% - 0:42
PK3 Forward
1 - 0% - 60%
2 - 0% - 40%
PK3 Defense
1 - 0% - 60%
2 - 0% - 40%
44 Forward
1 - 0% - 60%
2 - 0% - 40%
44 Defense
1 - 0% - 60%
2 - 0% - 40%
Last Minute Offensive  - 0:00
Last Minute Defensive  - 0:00
Total
Forward - 60:00
Defense - 60:00

Play-by-Play

1st period


0:01 of 1st period - Nicklas Backstrom wins face-off versus Jordan Nolan in neutral zone.
0:40 of 1st period - Slapshot by Niclas Bergfors.
0:40 of 1st period - Stopped by Cory Schneider with a rebound.
0:52 of 1st period - Wrist shot by Cody Hodgson.
0:52 of 1st period - Shot Misses the Net.
0:54 of 1st period - Slapshot by Brandon Gormley.
0:54 of 1st period - Stopped by Steve Mason with a rebound.
0:56 of 1st period - Wrist shot by Cody Hodgson.
0:56 of 1st period - Stopped by Steve Mason without a rebound.
0:57 of 1st period - Brock Nelson wins face-off versus Cody Hodgson in Flyers zone.
1:16 of 1st period - Snap shot by Blake Pietila.
1:16 of 1st period - Stopped by Steve Mason with a rebound.
1:21 of 1st period - Icing by Jakub Voracek.
1:22 of 1st period - Nicklas Backstrom wins face-off versus Patrice Bergeron in Flyers zone.
1:33 of 1st period - Wrist shot by Nicklas Backstrom.
1:33 of 1st period - Shot Misses the Net.
1:49 of 1st period - Snap shot by Patrice Bergeron.
1:49 of 1st period - Shot Misses the Net.
2:56 of 1st period - Alexei Marchenko is hit by Travis Konecny and loses puck.
3:22 of 1st period - Alexei Marchenko is hit by Nick Ritchie.
3:43 of 1st period - Ivan Provorov is hit by Marko Dano.
3:53 of 1st period - Nathan Beaulieu is hit by Blake Pietila and loses puck.
4:20 of 1st period - Alexei Marchenko is hit by Jakub Voracek and loses puck.
5:03 of 1st period - Wrist shot by Marko Dano.
5:03 of 1st period - Stopped by Steve Mason without a rebound.
5:04 of 1st period - Kevin Hayes wins face-off versus Patrick Kane in Flyers zone.
5:18 of 1st period - Minor Penalty to Kevin Hayes for High sticking.
5:19 of 1st period - Jordan Nolan wins face-off versus Nicklas Backstrom in Flyers zone.
5:44 of 1st period - Slapshot by Jordan Nolan.
5:44 of 1st period - Deflect By Nick Ritchie.
5:44 of 1st period - Shot Misses the Net.
5:44 of 1st period - Puck is out of play.
5:45 of 1st period - Calle Jarnkrok wins face-off versus Cody Hodgson in Capitals zone.
6:04 of 1st period - Snap shot by Bobby Ryan.
6:04 of 1st period - Stopped by Steve Mason without a rebound.
6:05 of 1st period - Taylor Hall wins face-off versus Jordan Nolan in Flyers zone.
6:10 of 1st period - Slapshot by Taylor Hall.
6:10 of 1st period - Stopped by Steve Mason without a rebound.
6:11 of 1st period - Nicklas Backstrom wins face-off versus Jordan Nolan in Flyers zone.
6:40 of 1st period - Slapshot by Bobby Ryan.
6:40 of 1st period - Stopped by Steve Mason without a rebound.
6:41 of 1st period - Cody Hodgson wins face-off versus Jordan Nolan in Flyers zone.
7:18 of 1st period - Penalty to Kevin Hayes is over, Kevin Hayes is back on ice.
7:30 of 1st period - Snap shot by Michael Bournival.
7:30 of 1st period - Shot Hit the Post.
7:32 of 1st period - Wrist shot by Michael Bournival.
7:32 of 1st period - Deflect By Calle Jarnkrok.
7:32 of 1st period - Stopped by Cory Schneider with a rebound.
7:34 of 1st period - Slapshot by Brian Lashoff.
7:34 of 1st period - Stopped by Cory Schneider with a rebound.
7:36 of 1st period - Snap shot by Travis Konecny.
7:36 of 1st period - Shot Blocked by Brandon Gormley.
8:07 of 1st period - Brandon Gormley is hit by Nathan Beaulieu and loses puck.
8:14 of 1st period - Wrist shot by Patrice Bergeron.
8:14 of 1st period - Stopped by Cory Schneider without a rebound.
8:15 of 1st period - Jordan Nolan wins face-off versus Nicklas Backstrom in Capitals zone.
8:38 of 1st period - Minor Penalty to Cal Foote for Slashing.
8:39 of 1st period - Calle Jarnkrok wins face-off versus Nicklas Backstrom in Flyers zone.
10:06 of 1st period - Jacob Trouba is hit by Patrick Kane.
10:38 of 1st period - Penalty to Cal Foote is over, Cal Foote is back on ice.
10:50 of 1st period - Snap shot by Kevin Hayes.
10:50 of 1st period - Stopped by Cory Schneider with a rebound.
10:53 of 1st period - Icing by Brandon Gormley.
10:54 of 1st period - Patrice Bergeron wins face-off versus Sergey Kalinin in Capitals zone.
11:09 of 1st period - Wrist shot by Phil Kessel.
11:09 of 1st period - Stopped by Steve Mason without a rebound.
11:10 of 1st period - Joe Colborne wins face-off versus Michael Bournival in Flyers zone.
11:35 of 1st period - Jordan Nolan is hit by Patrick Kane and loses puck.
11:41 of 1st period - Off-side.
11:42 of 1st period - Nicklas Backstrom wins face-off versus Kevin Hayes in neutral zone.
12:19 of 1st period - Wrist shot by Taylor Hall.
12:19 of 1st period - Shot Misses the Net.
13:02 of 1st period - Minor Penalty to Calle Jarnkrok for Unsportsmanlike conduct.
13:03 of 1st period - Kevin Hayes wins face-off versus Cody Hodgson in Flyers zone.
13:13 of 1st period - Wrist shot by Kevin Hayes.
13:13 of 1st period - Stopped by Cory Schneider with a rebound.
13:35 of 1st period - Wrist shot by Jordan Nolan.
13:35 of 1st period - Stopped by Cory Schneider with a rebound.
13:49 of 1st period - Snap shot by Blake Pietila.
13:49 of 1st period - Goal by Blake Pietila - Flyers : 0 - Capitals : 1.
13:50 of 1st period - Jordan Nolan wins face-off versus Joe Colborne in neutral zone.
13:55 of 1st period - Marko Dano is hit by Nick Ritchie.
14:04 of 1st period - Icing by Nathan Beaulieu.
14:05 of 1st period - Nicklas Backstrom wins face-off versus Jordan Nolan in Flyers zone.
14:18 of 1st period - Slapshot by Jacob Trouba.
14:18 of 1st period - Deflect By Taylor Hall.
14:18 of 1st period - Stopped by Cory Schneider with a rebound.
14:30 of 1st period - Wrist shot by Jordan Nolan.
14:30 of 1st period - Shot Blocked by Alexei Marchenko.
14:32 of 1st period - Slapshot by Nathan Beaulieu.
14:32 of 1st period - Stopped by Cory Schneider with a rebound.
14:34 of 1st period - Wrist shot by Kasperi Kapanen.
14:34 of 1st period - Shot Misses the Net.
14:42 of 1st period - Wrist shot by Jordan Nolan.
14:42 of 1st period - Stopped by Cory Schneider with a rebound.
14:44 of 1st period - Wrist shot by Kasperi Kapanen.
14:44 of 1st period - Stopped by Cory Schneider without a rebound.
14:45 of 1st period - Joe Colborne wins face-off versus Kevin Hayes in Capitals zone.
14:59 of 1st period - Wrist shot by Marko Dano.
14:59 of 1st period - Stopped by Steve Mason with a rebound.
15:01 of 1st period - Snap shot by Mike Green.
15:01 of 1st period - Stopped by Steve Mason without a rebound.
15:02 of 1st period - Blake Pietila wins face-off versus Calle Jarnkrok in Flyers zone.
15:55 of 1st period - Slapshot by Patrick Kane.
15:55 of 1st period - Stopped by Steve Mason with a rebound.
16:01 of 1st period - Snap shot by Max Pacioretty.
16:01 of 1st period - Stopped by Cory Schneider with a rebound.
16:03 of 1st period - Slapshot by Brian Lashoff.
16:03 of 1st period - Stopped by Cory Schneider with a rebound.
16:57 of 1st period - Snap shot by Joe Colborne.
16:57 of 1st period - Deflect By Jacob Trouba.
16:57 of 1st period - Shot Blocked by Jacob Trouba.
16:57 of 1st period - Puck is out of play.
16:58 of 1st period - Joe Colborne wins face-off versus Kasperi Kapanen in Flyers zone.
17:47 of 1st period - Travis Konecny is hit by Colten Teubert and loses puck.
18:12 of 1st period - Snap shot by Jeff Skinner.
18:12 of 1st period - Shot Misses the Net.
19:55 of 1st period - Blake Pietila is hit by Brock Nelson and loses puck.
Goals for this period are 0 for Flyers vs 1 for Capitals.
Shots for this period are 13 for Flyers vs 12 for Capitals.

2nd period


0:01 of 2nd period - Jordan Nolan wins face-off versus Nicklas Backstrom in neutral zone.
0:04 of 2nd period - Slapshot by Cal Foote.
0:04 of 2nd period - Stopped by Cory Schneider without a rebound.
0:05 of 2nd period - Jordan Nolan wins face-off versus Nicklas Backstrom in Capitals zone.
0:22 of 2nd period - Snap shot by Taylor Hall.
0:22 of 2nd period - Shot Misses the Net.
0:28 of 2nd period - Minor Penalty to Kasperi Kapanen for Tripping.
0:29 of 2nd period - Nicklas Backstrom wins face-off versus Kevin Hayes in Flyers zone.
2:28 of 2nd period - Penalty to Kasperi Kapanen is over, Kasperi Kapanen is back on ice.
2:31 of 2nd period - Jordan Nolan is hit by Shea Theodore and loses puck.
2:52 of 2nd period - Minor Penalty to Colten Teubert for Tripping.
2:53 of 2nd period - Kevin Hayes wins face-off versus Patrick Kane in Capitals zone.
3:21 of 2nd period - Icing by Jacob Trouba.
3:22 of 2nd period - Jordan Nolan wins face-off versus Patrick Kane in Flyers zone.
4:03 of 2nd period - Snap shot by Kasperi Kapanen.
4:03 of 2nd period - Deflect By Jordan Nolan.
4:03 of 2nd period - Stopped by Cory Schneider without a rebound.
4:04 of 2nd period - Kevin Hayes wins face-off versus Patrick Kane in Capitals zone.
4:07 of 2nd period - Slapshot by Niclas Bergfors.
4:07 of 2nd period - Stopped by Cory Schneider with a rebound.
4:09 of 2nd period - Snap shot by Max Pacioretty.
4:09 of 2nd period - Goal by Max Pacioretty - Flyers : 1 - Capitals : 1.
4:10 of 2nd period - Jordan Nolan wins face-off versus Nicklas Backstrom in neutral zone.
5:06 of 2nd period - Wrist shot by Patrice Bergeron.
5:06 of 2nd period - Deflect By Jakub Voracek.
5:06 of 2nd period - Stopped by Cory Schneider with a rebound.
5:24 of 2nd period - Mike Green is hit by Jordan Nolan.
5:30 of 2nd period - Wrist shot by Shea Theodore.
5:30 of 2nd period - Stopped by Steve Mason without a rebound.
5:31 of 2nd period - Kasperi Kapanen wins face-off versus Nicklas Backstrom in Flyers zone.
5:31 of 2nd period - Kasperi Kapanen is hit by Brandon Burlon.
5:43 of 2nd period - Jacob Trouba is hit by Colten Teubert.
6:07 of 2nd period - Snap shot by Bobby Ryan.
6:07 of 2nd period - Shot Misses the Net.
6:45 of 2nd period - Wrist shot by Jakub Voracek.
6:45 of 2nd period - Stopped by Cory Schneider without a rebound.
6:46 of 2nd period - Nicklas Backstrom wins face-off versus Jordan Nolan in Capitals zone.
7:09 of 2nd period - Minor Penalty to Cal Foote for Hooking.
7:10 of 2nd period - Kevin Hayes wins face-off versus Nicklas Backstrom in Flyers zone.
7:23 of 2nd period - Ivan Provorov is hit by Patrick Kane and loses puck.
7:37 of 2nd period - Icing by Marko Dano.
7:38 of 2nd period - Marko Dano wins face-off versus Kevin Hayes in Capitals zone.
7:46 of 2nd period - Nick Ritchie is hit by Marko Dano.
8:09 of 2nd period - Snap shot by Taylor Hall.
8:09 of 2nd period - Stopped by Steve Mason without a rebound.
8:10 of 2nd period - Nicklas Backstrom wins face-off versus Calle Jarnkrok in Flyers zone.
8:28 of 2nd period - Ivan Provorov is hit by Patrick Kane and loses puck.
9:09 of 2nd period - Penalty to Cal Foote is over, Cal Foote is back on ice.
9:11 of 2nd period - Snap shot by Max Pacioretty.
9:11 of 2nd period - Shot Misses the Net.
9:13 of 2nd period - Snap shot by Cal Foote.
9:13 of 2nd period - Goal by Cal Foote - Flyers : 2 - Capitals : 1.
9:14 of 2nd period - Jordan Nolan wins face-off versus Joe Colborne in neutral zone.
9:41 of 2nd period - Cal Foote is hit by Cody Hodgson and loses puck.
9:48 of 2nd period - Snap shot by Niclas Bergfors.
9:48 of 2nd period - Stopped by Cory Schneider without a rebound.
9:49 of 2nd period - Cody Hodgson wins face-off versus Kevin Hayes in Capitals zone.
10:06 of 2nd period - Snap shot by Blake Pietila.
10:06 of 2nd period - Shot Blocked by Jacob Trouba.
10:12 of 2nd period - Minor Penalty to Max Pacioretty for Interference.
10:13 of 2nd period - Nicklas Backstrom wins face-off versus Kevin Hayes in Flyers zone.
10:22 of 2nd period - Snap shot by Kevin Hayes.
10:22 of 2nd period - Deflect By Nick Ritchie.
10:22 of 2nd period - Shot Blocked by Alexei Marchenko.
10:22 of 2nd period - Puck is out of play.
10:23 of 2nd period - Nicklas Backstrom wins face-off versus Kevin Hayes in Capitals zone.
10:38 of 2nd period - Calle Jarnkrok is hit by Patrick Kane and loses puck.
11:41 of 2nd period - Slapshot by Brandon Gormley.
11:41 of 2nd period - Deflect By Nathan Beaulieu.
11:41 of 2nd period - Stopped by Steve Mason with a rebound.
11:53 of 2nd period - Nick Ritchie is hit by Alexei Marchenko and loses puck.
12:12 of 2nd period - Penalty to Max Pacioretty is over, Max Pacioretty is back on ice.
12:20 of 2nd period - Slapshot by Nathan Beaulieu.
12:20 of 2nd period - Deflect By Brandon Gormley.
12:20 of 2nd period - Stopped by Cory Schneider without a rebound.
12:21 of 2nd period - Max Pacioretty wins face-off versus Sergey Kalinin in Capitals zone.
12:24 of 2nd period - Slapshot by Niclas Bergfors.
12:24 of 2nd period - Shot Misses the Net.
12:32 of 2nd period - Backhand shot by Phil Kessel.
12:32 of 2nd period - Stopped by Steve Mason with a rebound.
12:50 of 2nd period - Cal Foote is hit by Nicolas Aube-Kubel and loses puck.
13:03 of 2nd period - Slapshot by Jordan Nolan.
13:03 of 2nd period - Deflect By Nick Ritchie.
13:03 of 2nd period - Shot Misses the Net.
13:03 of 2nd period - Puck is out of play.
13:04 of 2nd period - Joe Colborne wins face-off versus Nick Ritchie in Capitals zone.
13:29 of 2nd period - Snap shot by Taylor Hall.
13:29 of 2nd period - Shot Misses the Net.
13:31 of 2nd period - Slapshot by Brandon Burlon.
13:31 of 2nd period - Stopped by Steve Mason with a rebound.
13:46 of 2nd period - Icing by Jacob Trouba.
13:47 of 2nd period - Calle Jarnkrok wins face-off versus Cody Hodgson in Flyers zone.
14:24 of 2nd period - Snap shot by Kasperi Kapanen.
14:24 of 2nd period - Deflect By Nick Ritchie.
14:24 of 2nd period - Stopped by Cory Schneider with a rebound.
14:26 of 2nd period - Wrist shot by Nathan Beaulieu.
14:26 of 2nd period - Stopped by Cory Schneider without a rebound.
14:27 of 2nd period - Kevin Hayes wins face-off versus Joe Colborne in Capitals zone.
14:34 of 2nd period - Brandon Gormley is hit by Kevin Hayes and loses puck.
14:43 of 2nd period - Snap shot by Kevin Hayes.
14:43 of 2nd period - Shot Blocked by Marko Dano.
14:53 of 2nd period - Jordan Nolan is hit by Patrick Kane and loses puck.
15:50 of 2nd period - Wrist shot by Phil Kessel.
15:50 of 2nd period - Stopped by Steve Mason with a rebound.
16:51 of 2nd period - Snap shot by Blake Pietila.
16:51 of 2nd period - Shot Blocked by Jacob Trouba.
17:15 of 2nd period - Wrist shot by Phil Kessel.
17:15 of 2nd period - Stopped by Steve Mason without a rebound.
17:16 of 2nd period - Kasperi Kapanen wins face-off versus Patrick Kane in Flyers zone.
17:43 of 2nd period - Marko Dano is hit by Niclas Bergfors.
17:53 of 2nd period - Snap shot by Joe Colborne.
17:53 of 2nd period - Stopped by Steve Mason without a rebound.
17:54 of 2nd period - Jordan Nolan wins face-off versus Nicklas Backstrom in Flyers zone.
18:01 of 2nd period - Nicklas Backstrom is hit by Nick Ritchie and loses puck.
18:25 of 2nd period - Off-side.
18:26 of 2nd period - Kevin Hayes wins face-off versus Joe Colborne in neutral zone.
18:35 of 2nd period - Snap shot by Niclas Bergfors.
18:35 of 2nd period - Stopped by Cory Schneider with a rebound.
19:09 of 2nd period - Max Pacioretty is hit by Joe Colborne and loses puck.
19:16 of 2nd period - Snap shot by Bobby Ryan.
19:16 of 2nd period - Stopped by Steve Mason with a rebound.
19:18 of 2nd period - Slapshot by Brandon Gormley.
19:18 of 2nd period - Shot Blocked by Cal Foote.
19:34 of 2nd period - Snap shot by Marko Dano.
19:34 of 2nd period - Stopped by Steve Mason without a rebound.
19:35 of 2nd period - Jordan Nolan wins face-off versus Nicklas Backstrom in Flyers zone.
Goals for this period are 2 for Flyers vs 0 for Capitals.
Shots for this period are 12 for Flyers vs 10 for Capitals.

3rd period


0:01 of 3rd period - Nicklas Backstrom wins face-off versus Jordan Nolan in neutral zone.
0:35 of 3rd period - Off-side.
0:36 of 3rd period - Kevin Hayes wins face-off versus Joe Colborne in neutral zone.
1:03 of 3rd period - Taylor Hall is hit by Kasperi Kapanen.
1:16 of 3rd period - Off-side.
1:17 of 3rd period - Cody Hodgson wins face-off versus Calle Jarnkrok in neutral zone.
1:48 of 3rd period - Snap shot by Taylor Hall.
1:48 of 3rd period - Shot Hit the Post.
2:12 of 3rd period - Backhand shot by Max Pacioretty.
2:12 of 3rd period - Stopped by Cory Schneider with a rebound.
2:14 of 3rd period - Slapshot by Ivan Provorov.
2:14 of 3rd period - Shot Blocked by Shea Theodore.
2:16 of 3rd period - Snap shot by Niclas Bergfors.
2:16 of 3rd period - Shot Blocked by Bobby Ryan.
2:34 of 3rd period - Snap shot by Jeff Skinner.
2:34 of 3rd period - Stopped by Steve Mason without a rebound.
2:35 of 3rd period - Jordan Nolan wins face-off versus Nicklas Backstrom in Flyers zone.
2:44 of 3rd period - Snap shot by Kasperi Kapanen.
2:44 of 3rd period - Shot Misses the Net.
3:26 of 3rd period - Marko Dano is hit by Niclas Bergfors and loses puck.
3:33 of 3rd period - Slapshot by Max Pacioretty.
3:33 of 3rd period - Stopped by Cory Schneider with a rebound.
3:54 of 3rd period - Slapshot by Shea Theodore.
3:54 of 3rd period - Stopped by Steve Mason without a rebound.
3:55 of 3rd period - Jordan Nolan wins face-off versus Joe Colborne in Flyers zone.
4:12 of 3rd period - Snap shot by Mike Green.
4:12 of 3rd period - Stopped by Steve Mason with a rebound.
5:20 of 3rd period - Wrist shot by Joe Colborne.
5:20 of 3rd period - Shot Blocked by Jacob Trouba.
5:32 of 3rd period - Jacob Trouba is hit by Jeff Skinner and loses puck.
5:37 of 3rd period - Slapshot by Brandon Gormley.
5:37 of 3rd period - Stopped by Steve Mason without a rebound.
5:38 of 3rd period - Jordan Nolan wins face-off versus Jeff Skinner in Flyers zone.
6:05 of 3rd period - Kevin Hayes is hit by Patrick Kane and loses puck.
6:34 of 3rd period - Calle Jarnkrok is hit by Joe Colborne and loses puck.
6:55 of 3rd period - Slapshot by Cody Hodgson.
6:55 of 3rd period - Stopped by Steve Mason with a rebound.
6:57 of 3rd period - Snap shot by Cody Hodgson.
6:57 of 3rd period - Stopped by Steve Mason without a rebound.
6:58 of 3rd period - Nicklas Backstrom wins face-off versus Jordan Nolan in Flyers zone.
8:52 of 3rd period - Minor Penalty to Jakub Voracek for Interference.
8:53 of 3rd period - Nicklas Backstrom wins face-off versus Kevin Hayes in Flyers zone.
9:02 of 3rd period - Wrist shot by Nick Ritchie.
9:02 of 3rd period - Stopped by Cory Schneider with a rebound.
9:04 of 3rd period - Snap shot by Nick Ritchie.
9:04 of 3rd period - Shot Blocked by Nicklas Backstrom.
9:08 of 3rd period - Snap shot by Nick Ritchie.
9:08 of 3rd period - Shot Misses the Net.
9:10 of 3rd period - Snap shot by Kevin Hayes.
9:10 of 3rd period - Deflect By Taylor Hall.
9:10 of 3rd period - Goal by Kevin Hayes - Flyers : 3 - Capitals : 1.
9:11 of 3rd period - Nicklas Backstrom wins face-off versus Calle Jarnkrok in neutral zone.
10:22 of 3rd period - Max Pacioretty is hit by Mike Green and loses puck.
10:52 of 3rd period - Penalty to Jakub Voracek is over, Jakub Voracek is back on ice.
11:40 of 3rd period - Jake Dotchin is hit by Sergey Kalinin and loses puck.
12:16 of 3rd period - Nicklas Backstrom is hit by Jordan Nolan and loses puck.
12:44 of 3rd period - Jake Dotchin is hit by Cody Hodgson and loses puck.
13:03 of 3rd period - Slapshot by Patrice Bergeron.
13:03 of 3rd period - Stopped by Cory Schneider with a rebound.
13:05 of 3rd period - Snap shot by Brock Nelson.
13:05 of 3rd period - Deflect By Phil Kessel.
13:05 of 3rd period - Stopped by Cory Schneider with a rebound.
13:07 of 3rd period - Slapshot by Brian Lashoff.
13:07 of 3rd period - Deflect By Sergey Kalinin.
13:07 of 3rd period - Stopped by Cory Schneider with a rebound.
13:21 of 3rd period - Wrist shot by Kasperi Kapanen.
13:21 of 3rd period - Stopped by Cory Schneider with a rebound.
13:37 of 3rd period - Slapshot by Marko Dano.
13:37 of 3rd period - Shot Blocked by Travis Konecny.
13:39 of 3rd period - Snap shot by Marko Dano.
13:39 of 3rd period - Stopped by Steve Mason without a rebound.
13:40 of 3rd period - Nicklas Backstrom wins face-off versus Kevin Hayes in Flyers zone.
14:36 of 3rd period - Snap shot by Nick Ritchie.
14:36 of 3rd period - Stopped by Cory Schneider without a rebound.
14:37 of 3rd period - Nicklas Backstrom wins face-off versus Nick Ritchie in Capitals zone.
15:44 of 3rd period - Brandon Gormley is hit by Cal Foote and loses puck.
16:25 of 3rd period - Snap shot by Blake Pietila.
16:25 of 3rd period - Stopped by Steve Mason with a rebound.
16:27 of 3rd period - Wrist shot by Blake Pietila.
16:27 of 3rd period - Stopped by Steve Mason with a rebound.
16:29 of 3rd period - Wrist shot by Blake Pietila.
16:29 of 3rd period - Shot Misses the Net.
16:31 of 3rd period - Slapshot by Alexei Marchenko.
16:31 of 3rd period - Shot Misses the Net.
16:43 of 3rd period - Snap shot by Blake Pietila.
16:43 of 3rd period - Shot Misses the Net.
17:10 of 3rd period - Double Minor Penalty to Cal Foote for Roughing.
17:11 of 3rd period - Nicklas Backstrom wins face-off versus Kevin Hayes in Flyers zone.
17:43 of 3rd period - Kevin Hayes is hit by Bobby Ryan and loses puck.
17:58 of 3rd period - Nathan Beaulieu is hit by Joe Colborne and loses puck.
18:09 of 3rd period - Kevin Hayes is hit by Bobby Ryan and loses puck.
18:20 of 3rd period - Shea Theodore is hit by Max Pacioretty and loses puck.
19:25 of 3rd period - Jake Dotchin is hit by Taylor Hall and loses puck.
Goals for this period are 1 for Flyers vs 0 for Capitals.
Shots for this period are 9 for Flyers vs 9 for Capitals. Output by the SimonT Hockey Simulator (STHS) for Francois Prevost - Original Page W3C HTML5 Valid
Hockey Simulator - Hockey Simulation - Hockey Manager